 Dungeon Crawl Stone Soup version 0.30-a0-1112-gfb780f5df6 (webtiles) character file.

Game seed: 6617356372657395867

373 Aneyh the Cudgeller (level 6, -1/37 HPs)
             Began as a Tengu Fighter on Apr 19, 2023.
             Succumbed to Dowan's poison
             ... on level 4 of the Dungeon.
             The game lasted 00:04:43 (2578 turns).

Aneyh the Cudgeller (Tengu Fighter)                 Turns: 2578, Time: 00:04:43

Health: -1/37      AC:  9    Str: 18    XL:     6   Next: 71%
Magic:  7/7        EV: 11    Int:  9    God:
Gold:   220        SH:  4    Dex: 13    Spells: 5/5 levels left

rFire   + . .      SeeInvis .    a - +0 flail
rCold   + . .      Faith    .    c - +0 buckler
rNeg    . . .      Spirit   .    k - +4 ring mail of Truth {rF+ rC+}
rPois   .          Reflect  .    (helmet restricted)
rElec   .          Rampage  .    (no cloak)
rCorr   .                        (no gloves)
Will    .....                    (boots unavailable)
Stlth   +                        s - amulet of magic regeneration
HPRegen 0.26/turn                u - +4 ring of slaying
MPRegen 0.50/turn                (no ring)

@: brilliant, lethally poisoned (-1 -> -10), flying quickly and evasively, quick
A: beak, talons 3, nimble flight
a: no special abilities


You were on level 4 of the Dungeon.
You visited 1 branch of the dungeon, and saw 4 of its levels.

You collected 220 gold pieces.

Inventory:

Hand Weapons
 a - a +0 flail (weapon)
 j - a +2 vampiric spear
Armour
 b - a +0 scale mail
 c - a +0 buckler (worn)
 k - the +4 ring mail of Truth (worn) {rF+ rC+}
   (You found it on level 2 of the Dungeon)

   rF:        It protects you from fire.
   rC:        It protects you from cold.
Jewellery
 s - an amulet of magic regeneration (around neck)
 u - a +4 ring of slaying (left hand)
 w - a ring of magical power
 x - an amulet of reflection
Scrolls
 f - 3 scrolls of immolation {unknown}
 g - 2 scrolls of identify {unknown}
 h - 3 scrolls of teleportation {unknown}
 l - a scroll of silence {unknown}
 m - a scroll of acquirement {unknown}
 n - a scroll of torment {unknown}
 p - 2 scrolls of magic mapping {unknown}
 q - a scroll of vulnerability {unknown}
 v - a scroll of enchant weapon {unknown}
Potions
 d - a potion of might
 e - a potion of degeneration {unknown}
 i - a potion of brilliance
 o - a potion of heal wounds {unknown}
 r - a potion of curing {unknown}
 t - 2 potions of cancellation {unknown}


   Skills:
 - Level 3.0 Fighting
 + Level 7.6 Maces & Flails
 - Level 3.2 Armour
 - Level 3.0 Shields


You had 5 spell levels left.
You didn't know any spells.
Your spell library was empty.

Dungeon Overview and Level Annotations

Branches:
Dungeon (4/15)
 Temple: D:4-7

Altars:
Gozag

Annotations:
D:4 Dowan


Innate Abilities, Weirdness & Mutations

You have a beak for a mouth.
You have claws for feet.
Your magical nature lets you fly swiftly and evasively.


Message History

Dowan mumbles some strange words.
Dowan blinks!
You block Duvessa's attack.
You hit Duvessa. You claw Duvessa!
Duvessa is moderately wounded.
Duvessa closely misses you. Duvessa hits you with a +0 short sword!
You sock Duvessa! You claw Duvessa. You peck Duvessa, but do no damage.
Duvessa is severely wounded.
Duvessa hits you but does no damage.
You barely miss Duvessa. You claw Duvessa. You peck Duvessa, but do no damage.
Duvessa is almost dead.
Duvessa hits you with a +0 short sword. x2
You sock Duvessa!
You kill Duvessa!
Dowan screams, "No!
Oh no!"
Dowan seems to find hidden reserves of power!
Dowan mumbles some strange words.
Dowan blinks!
Things that are here:
a +0 short sword; a +0 ring mail You thump Dowan!
Your kick misses Dowan.
Dowan is moderately wounded.
Dowan hits you but does no damage.
You are poisoned.
Dowan hits you but does no damage.
You are more poisoned.
You sock Dowan!
Dowan is severely wounded.
You feel very sick. Dowan closely misses you.
You hit Dowan but do no damage. Your peck misses Dowan.
Dowan is severely wounded.
* * * LOW HITPOINT WARNING * * *
You feel very sick.
Dowan hits you with a +2 dagger of venom.
* * * LOW HITPOINT WARNING * * *
Dowan hits you with a +2 dagger of venom.
* * * LOW HITPOINT WARNING * * *
It was a potion of brilliance.
You feel clever all of a sudden.
You die...

##.##.#.....##.#.#
## #.##..........
#)###......### #.#
#...##.+ #### #.#
#...##.##### ...#
#.# #...##.....###
##.# #.#
#.............
##.# #.#
#......e....# ##.#
#.# ##.###@##.###
##.####.# #...##.#
........# #...##.#
...###### #8_8##..
#### #########


You could see Dowan (fast).

Vanquished Creatures
  Duvessa (D:4)
  A water moccasin (D:3)
  Robin (D:3)
  5 adders
  2 worms (D:2)
  An orc (D:3)
  6 endoplasms
  3 giant cockroaches
  17 goblins
  17 hobgoblins
  12 jackals
  A quokka (D:1)
  3 ball pythons
  5 bats
  3 frilled lizards
  9 kobolds
  6 rats
93 creatures vanquished.

Vanquished Creatures (others)
  4 toadstools (D:3)
4 creatures vanquished.

Grand Total: 97 creatures vanquished

Notes
Turn   | Place    | Note
-------+----------+-------------------------------------------
     0 | D:1      | Aneyh the Tengu Fighter began the quest for the Orb.
     0 | D:1      | Reached XP level 1. HP: 14/14 MP: 2/2
   110 | D:1      | Reached XP level 2. HP: 17/19 MP: 3/3
   131 | D:1      | Reached skill level 3 in Maces & Flails
   331 | D:1      | Reached XP level 3. HP: 19/23 MP: 4/4
   374 | D:1      | Reached skill level 4 in Maces & Flails
   906 | D:2      | Reached XP level 4. HP: 28/28 MP: 5/5
  1008 | D:2      | Identified the +4 ring mail of Truth {rF+ rC+}
  1264 | D:2      | Reached skill level 5 in Maces & Flails
  1755 | D:3      | Gained mutation: Your magical nature lets you fly swiftly
                  | and evasively. [Tengu growth]
  1755 | D:3      | Reached XP level 5. HP: 32/32 MP: 6/6
  1785 | D:3      | Noticed a water moccasin
  1800 | D:3      | Killed a water moccasin
  1801 | D:3      | Reached skill level 6 in Maces & Flails
  1801 | D:3      | Reached XP level 6. HP: 17/37 MP: 7/7
  2018 | D:3      | Noticed Robin
  2026 | D:3      | Killed Robin
  2523 | D:4      | Reached skill level 7 in Maces & Flails
  2544 | D:4      | Found an opulent altar of Gozag.
  2561 | D:4      | Noticed Duvessa
  2561 | D:4      | Noticed Dowan
  2573 | D:4      | Killed Duvessa
  2577 | D:4      | HP: 1/37 [Dowan/+2 dagger of venom (6)]
  2578 | D:4      | Succumbed to Dowan's poison

Illustrated notes

Levels and vault maps discovered:
D:1:      dpeg_arrival_connections, layout_loops_ring, st_stairs_2
D:2:      layout_loops_ring
D:3:      layout_basic, nicolae_kite_square_tiling_tiny,
          minmay_gold_behind_fungi, uniq_robin
D:4:      layout_loops_corners, grunt_gozag_breadcrumbs,
          mainiacjoe_overflow_surrounded_room, uniq_duvessa, uniq_natasha

Skill      XL: |  1  2  3  4  5  6 |
---------------+-------------------+-----
Maces & Flails | 3 4 5 6 7 |  7.6
Fighting       | |  3.0
Armour         | |  3.2
Shields        | |  3.0

Action                     |  1- 3 |  4- 6 || total
---------------------------+-------+-------++-------
  Melee: Flail             |    84 |   132 ||   216
         Kick              |    20 |    24 ||    44
         Peck              |     7 |    19 ||    26
    Use: Potion            |       |     1 ||     1
 Armour: Scale mail        |    26 |     5 ||    31
         Ring mail         |       |    57 ||    57
  Dodge: Dodged            |    47 |    63 ||   110
  Block: Buckler           |    20 |    28 ||    48

Table legend: (Time is in decaauts)
 A = Elapsed time spent in this place.
 B = Non-inter-level travel time spent in this place.
 C = Inter-level travel time spent in this place.
 D = Time resting spent in this place.
 E = Time spent auto-exploring this place.
 F = Levels seen in this place.
 G = Mean time per level.
                   A        B        C        D        E       F      G
               +--------+--------+--------+--------+--------+-----+--------+
         Total |   2559 |   2485 |     74 |    147 |   1830 |   4 |  639.8 |
       Dungeon |   2559 |   2485 |     74 |    147 |   1830 |   4 |  639.8 |
               +--------+--------+--------+--------+--------+-----+--------+

Top non-repeatable levels by time:
     D:1: 864 daAuts
     D:3: 800 daAuts
     D:2: 794 daAuts
     D:4: 100 daAuts
